 Dungeon Crawl Stone Soup version 0.30.0-10-gfe55d96785 (webtiles) character file.

Game seed: 7598453838433899287

44 hawla the Grave Robber (level 4, -2/33 HPs)
             Began as a Meteoran Necromancer on May 14, 2023.
             Slain by an ufetubus (4 damage)
             ... summoned by Eustachio
             ... on level 4 of the Dungeon.
             The game lasted 00:06:29 (998 turns).

hawla the Grave Robber (Meteoran Necromancer)        Turns: 998, Time: 00:06:30

Health: -2/33      AC:  3    Str:  9    XL:     4   Next: 8%
Magic:  3/10       EV: 13    Int: 18    God:
Gold:   38         SH:  0    Dex: 15    Spells: 1/9 levels left

rFire   . . .        d - +0 mace
rCold   . . .        (no shield)
rNeg    + . .        g - +1 robe {rN+}
rPois   .            (no helmet)
rElec   .            (no cloak)
rCorr   .            (no gloves)
SInv    .            (no boots)
Will    .....        (no amulet)
Stlth   +            (no ring)
HPRegen 0.25/turn    (no ring)
MPRegen 0.12/turn

%: no passive effects
@: lethally poisoned (-2 -> -26), very slightly contaminated, glowing
A: sense surroundings 1, otherworldly, glowing, explore regen
a: no special abilities


You were on level 4 of the Dungeon.
You visited 1 branch of the dungeon, and saw 4 of its levels.

You collected 211 gold pieces.
You spent 173 gold pieces at shops.

Inventory:

Hand Weapons
 d - a +0 mace (weapon)
Armour
 g - a +1 robe of positive energy (worn)
Jewellery
 h - a +6 ring of dexterity
Scrolls
 a - 5 scrolls of identify
 c - 4 scrolls of teleportation {unknown}
 k - a scroll of amnesia {unknown}
 l - a scroll of blinking
 n - a scroll of immolation {unknown}
Potions
 b - a potion of magic
 e - 2 potions of cancellation {unknown}
 f - 3 potions of curing {unknown}
 i - a potion of resistance {unknown}
 j - a potion of heal wounds {unknown}
 m - a potion of berserk rage {unknown}
 o - a potion of might {unknown}


   Skills:
 + Level 0.2 Fighting
 + Level 1.7 Maces & Flails
 + Level 2.7 Dodging
 - Level 1.4 Stealth
 + Level 3.3 Spellcasting
 + Level 5.0 Necromancy


You had one spell level left.
You knew the following spells:

 Your Spells              Type           Power      Damage    Failure   Level
a - Necrotise             Necr           84%        1d8       1%          1
b - Vampiric Draining     Necr           21%        2d7       6%          3
c - Animate Dead          Necr           21%        N/A       21%         4

Your spell library contained the following spells:

 Spells                   Type           Power      Damage    Failure   Level
 Agony                    Necr           21%        N/A       50%         5


Dungeon Overview and Level Annotations

Branches:
Dungeon (4/15) Zot: 1390
 Temple: D:4-7

Altars:

Shops:
D:3 (*?:

Annotations:
D:4 Eustachio


Innate Abilities, Weirdness & Mutations

You passively map a small area around you.
You are easily found by Zot.
You glow in the dark.
You regain HP and MP as you explore.


Message History

The water moccasin poisons you! The ufetubus closely misses you.
The ufetubus barely misses you. The jackal barely misses you.
The jackal bites you but does no damage.
The water moccasin bites you.
Eustachio screams, "Hey, you killed my favourite bat!"
Eustachio hits you with a +0 rapier. The crimson imp misses you.
The ufetubus hits you but does no damage.
The ufetubus barely misses you. The jackal bites you.
Eustachio closely misses you. The jackal bites you.
The water moccasin closely misses you.
There is a stone staircase leading up, spattered with blood here.
Cast which spell? (? or * to list)
The spell is extremely dangerous to miscast (21% risk of failure)!
Continue anyway?
You miscast Animate Dead.
You are very lightly contaminated with residual magic.
Nothing appears to happen.
You feel very sick. The ufetubus completely misses you.
The ufetubus barely misses you. The crimson imp closely misses you.
The jackal barely misses you. The water moccasin bites you.
The jackal bites you.
Eustachio mumbles some strange words.
Eustachio blinks!
Casting: Animate Dead (extremely dangerous; 21% risk of failure)
Confirm with . or Enter, or press ? or * to list all spells.
Aiming: Vampiric Draining (dangerous; 6% risk of failure)
Press: ? - help, Shift-Dir - straight line, f - water moccasin
Aim: a water moccasin You draw life force from the water moccasin.
You feel life coursing into your body.
You feel very sick.
The ufetubus hits you but does no damage.
The ufetubus closely misses you. The jackal barely misses you.
The jackal bites you but does no damage.
The water moccasin bites you.
* * * LOW HITPOINT WARNING * * *
You are more poisoned.
The water moccasin poisons you! The crimson imp hits you.
* * * LOW HITPOINT WARNING * * *
The ufetubus hits you.
You die...

, #..* #>..# , ~ ,
#...#.#...#.......
#.....#...#..@....
#......<..........
#.....#...#.......
#.#.......<.......
, * ,
#.###...........,,
........55h..# , ,
.. #..S@5..# , )
......h#...# ,
,....#......#
...,#.. ....., .,,
##.,####.# , , *
## , # * * , *, ,
, * * , *


You could see Eustachio, a water moccasin, 2 crimson imps, an ufetubus
(summoned) and 2 jackals.

Vanquished Creatures
  An adder (D:3)
  A worm (D:3)
  2 dart slugs
  3 endoplasms
  A giant cockroach (D:1)
  4 goblins
  7 hobgoblins
  2 kobolds
  2 frilled lizards
  A rat (D:2)
24 creatures vanquished.

Notes
Turn   | Place    | Note
-------+----------+-------------------------------------------
     0 | D:1      | hawla the Meteoran Necromancer began the quest for the Orb.
     0 | D:1      | Reached XP level 1. HP: 14/14 MP: 5/5
    49 | D:1      | Reached XP level 2. HP: 20/20 MP: 1/6
   313 | D:2      | Reached XP level 3. HP: 22/26 MP: 8/8
   317 | D:2      | Learned a level 3 spell: Vampiric Draining
   468 | D:3      | Reached skill level 1 in Maces & Flails
   492 | D:3      | Found Atson's Assorted Antiques.
   525 | D:3      | Bought a scroll labelled CUCKOG PIPO for 27 gold pieces
   525 | D:3      | Bought a scroll labelled DIKLEPOUCOS for 27 gold pieces
   525 | D:3      | Bought a glowing golden potion for 24 gold pieces
   538 | D:3      | Found Ubler's Magic Scroll Shoppe.
   562 | D:3      | Bought a scroll of blinking for 75 gold pieces
   562 | D:3      | Bought a scroll of identify for 20 gold pieces
   584 | D:4      | Noticed Eustachio
   584 | D:4      | Noticed a water moccasin
   620 | D:3      | Found Hudik's Weapon Boutique.
   624 | D:3      | Reached XP level 4. HP: 33/33 MP: 5/9
   788 | D:3      | Found Uvofavve's Book Shoppe.
   788 | D:3      | Noticed a walking crystal tome
   789 | D:3      | Noticed a walking divine tome
   943 | D:3      | Reached skill level 5 in Necromancy
   995 | D:3      | Learned a level 4 spell: Animate Dead
   998 | D:4      | Slain by an ufetubus

Illustrated notes

Levels and vault maps discovered:
D:1:      evilmike_arrival_crescent, layout_rooms, palyth_stone_intersect
D:2:      layout_loops_ring, dreamdust_princess_bridge
D:3:      layout_basic, serial_shops, shop, nicolae_shop_mannequins, shop_coins,
          shop
D:4:      black_bear_nest_2, layout_basic, tso_metal_star, serial_demonic,
          serial_demonic_e, serial_demonic_a, serial_demonic_g,
          serial_demonic_f, corexii_checkpoint_a, uniq_eustachio

Skill      XL: |  1  2  3  4 |
---------------+-------------+-----
Spellcasting   | 3 |  3.3
Maces & Flails | 1 |  1.7
Necromancy     | 5 |  5.0
Fighting       | |  0.2
Dodging        | |  2.7
Stealth        | |  1.4

Action                     |  1- 3 |  4- 6 || total
---------------------------+-------+-------++-------
  Melee: Unarmed           |     1 |       ||     1
         Mace              |    23 |     3 ||    26
   Cast: Necrotise         |    23 |       ||    23
         Vampiric Draining |       |     3 ||     3
 Armour: Robe              |     5 |     5 ||    10
  Dodge: Dodged            |    14 |    16 ||    30
